 Dungeon Sprint DCSS version 0.21-a0-394-gdc75ea7 (webtiles) character file.

507 potatolord6000 the Cleaver (level 7, -12/69 HPs)
             Began as a Hill Orc Fighter on Oct 3, 2017.
             Was a Priest of Beogh.
             Mangled by an elephant (13 damage)
             ... in the Dungeon (Sprint VII: "The Pits") on Oct 18, 2017.
             The game lasted 00:02:22 (537 turns).

potatolord6000 the Cleaver (Hill Orc Fighter)        Turns: 537, Time: 00:02:23

Health: -12/69     AC:  8    Str: 21    XL:     7   Next: 18%
Magic:  13/13      EV:  8    Int:  8    God:    Beogh [***...]
Gold:   0          SH: 11    Dex: 10    Spells: 6/6 levels left

rFire    . . .     SeeInvis .   a - +0 war axe
rCold    . . .     Gourm    .   c - +0 shield
rNeg     . . .     Faith    .   b - +0 scale mail
rPois    .         Spirit   .   (no helmet)
rElec    .         Reflect  .   (no cloak)
rCorr    .         Harm     .   (no gloves)
MR       .....     NoTele   +   (no boots)
Stlth    ..........             (no amulet)
HPRegen  0.21/turn              (no ring)
MPRegen  0.13/turn              (no ring)

@: no status effects
A: no striking features
a: Smiting, Renounce Religion


You were in the Dungeon.
You worshipped Beogh.
Beogh was most pleased with you.
You were not hungry.

You visited 1 branch

Inventory:

Hand Weapons
 a - a +0 war axe (weapon)
Armour
 b - a +0 scale mail (worn)
 c - a +0 shield (worn)
Scrolls
 k - a scroll of blinking
 m - 3 scrolls of remove curse
 n - 5 scrolls of amnesia
 o - a scroll of summoning
Potions
 d - a potion of might
 e - a potion of curing
 h - a potion of haste
 i - 4 potions of magic
 j - 2 potions of berserk rage
 l - 2 potions of invisibility
Comestibles
 f - 8 bread rations
 p - 40 fruits
 q - 7 meat rations


   Skills:
 + Level 8.9 Fighting
 + Level 9.1 Axes
 + Level 8.1 Armour
 + Level 8.1 Shields
 + Level 8.5 Invocations


You had 6 spell levels left.
You didn't know any spells.

Dungeon Overview and Level Annotations

Branches:
Dungeon (1/1)

Altars:
Ashenzari
Cheibriados
Dithmenos
Elyvilon
Fedhas
Gozag
Hepliaklqana
Kikubaaqudgha
Makhleb
Nemelex Xobeh
Okawaru
Qazlal
Ru
Sif Muna
Trog
Uskayaw
Vehumet
Wu Jian
Xom
Yredelemnul
Zin
The Shining One
Beogh
Jiyva
Lugonu


Message History

The snapping turtle bites you but does no damage.
You block the elephant's attack.
The elephant trunk-slaps you but does no damage.
A bog body comes into view.
Unknown command.
You hit the elephant but do no damage.
The wizard mumbles some strange words.
The wizard blinks!
The snapping turtle bites you from afar!!
* * * LOW HITPOINT WARNING * * *
The hell hog moves out of view.
You block the elephant's attack.
The elephant trunk-slaps you but does no damage.
You hit the elephant but do no damage. You completely miss the wizard.
The blink frog blinks!
You block the snapping turtle's attack. The elephant tramples you!
* * * LOW HITPOINT WARNING * * *
You stumble backwards!
The wizard closely misses you.
You hit the elephant but do no damage. You slash the wizard!
The elephant tramples you!
You die... ## ## #F .# #Z h# #m §# #m # F#t

#..#####Y##########
#########.......Yp.........
______.##.......@..........
______.###########''#######
____...###########''######
######'##................#
.')))'.##......#..#......#
######.##................+
.......['................+
###'#####......#..#......#
..÷.# #................#


You could see a death yak, an elephant, a snapping turtle, a wizard and a spiny
frog.

Vanquished Creatures
  3 floating eyes (D)
  5 wights (D)
  2 leopard geckos (D)
  An orc (D)
  A giant cockroach (D)
  A goblin (D)
13 creatures vanquished.

Notes
Turn   | Place    | Note
-------+----------+-------------------------------------------
     0 | D        | potatolord6000 the Hill Orc Fighter began the quest for the Orb.
     0 | D        | Reached XP level 1. HP: 19/19 MP: 1/1
    18 | D        | Reached skill level 3 in Axes
    48 | D        | Found a bloodstained altar of Trog.
    48 | D        | Found a deep blue altar of Sif Muna.
    48 | D        | Found a viscous altar of Jiyva.
    48 | D        | Found a hazy altar of Hepliaklqana.
    48 | D        | Found an opulent altar of Gozag.
    49 | D        | Found a glowing golden altar of the Shining One.
    49 | D        | Found a glowing silver altar of Zin.
    49 | D        | Found a basalt altar of Yredelemnul.
    49 | D        | Found a shimmering altar of Xom.
    49 | D        | Found an ornate altar of the Wu Jian Council.
    49 | D        | Found a sacrificial altar of Ru.
    49 | D        | Found a stormy altar of Qazlal.
    49 | D        | Found an iron altar of Okawaru.
    49 | D        | Found a sparkling altar of Nemelex Xobeh.
    49 | D        | Found a burning altar of Makhleb.
    49 | D        | Found a blossoming altar of Fedhas.
    49 | D        | Found a white marble altar of Elyvilon.
    49 | D        | Found a shadowy altar of Dithmenos.
    49 | D        | Found a snail-covered altar of Cheibriados.
    51 | D        | Found a radiant altar of Vehumet.
    51 | D        | Found a corrupted altar of Lugonu.
    51 | D        | Found a roughly hewn altar of Beogh.
    53 | D        | Found an ancient bone altar of Kikubaaqudgha.
    53 | D        | Found a hide-covered altar of Uskayaw.
    53 | D        | Found a shattered altar of Ashenzari.
    61 | D        | Became a worshipper of Beogh the Brigand
    83 | D        | Reached skill level 1 in Invocations
   382 | D        | Noticed a floating eye
   384 | D        | Paralysed by a floating eye for 3 turns
   388 | D        | Paralysed by a floating eye for 2 turns
   390 | D        | Killed a floating eye
   390 | D        | Reached * piety under Beogh
   390 | D        | Reached skill level 5 in Axes
   390 | D        | Reached skill level 5 in Armour
   390 | D        | Reached skill level 5 in Shields
   390 | D        | Reached XP level 2. HP: 30/30 MP: 1/5
   390 | D        | Reached XP level 3. HP: 37/37 MP: 1/6
   390 | D        | Reached XP level 4. HP: 44/44 MP: 1/7
   458 | D        | Reached skill level 6 in Axes
   473 | D        | Reached skill level 5 in Invocations
   473 | D        | Reached XP level 5. HP: 21/51 MP: 7/9
   474 | D        | Reached ** piety under Beogh
   474 | D        | Reached skill level 7 in Axes
   475 | D        | Noticed a floating eye
   475 | D        | Noticed a floating eye
   477 | D        | Reached XP level 6. HP: 22/60 MP: 7/10
   479 | D        | Killed a floating eye
   479 | D        | Reached skill level 8 in Axes
   479 | D        | Killed a floating eye
   481 | D        | Reached *** piety under Beogh
   484 | D        | Reached skill level 9 in Axes
   484 | D        | Reached XP level 7. HP: 26/69 MP: 8/13
   489 | D        | Upgraded the game from 0.21-a0-338-g36cf2fc to 0.21-a0-394-gdc75ea7
   532 | D        | Noticed a blink frog
   532 | D        | Noticed a hell hog
   532 | D        | Noticed a hell hog
   532 | D        | Noticed a merfolk impaler
   532 | D        | Noticed a merfolk
   532 | D        | Noticed a spiny frog
   532 | D        | Noticed a snapping turtle
   532 | D        | Noticed an elephant
   533 | D        | Noticed a blink frog
   533 | D        | Noticed a hell hog
   533 | D        | Noticed a wizard
   533 | D        | Noticed a death yak
   535 | D        | Noticed a bog body
   536 | D        | HP: 1/69 [elephant (9)]
   537 | D        | Mangled by an elephant

Vault maps used:
D:        pitsprint

Skill      XL: |  1  2  3  4  5  6  7 |
---------------+----------------------+-----
Axes           | 5 6 7 9 |  9.1
Fighting       | 6 7 8 |  8.9
Invocations    | 4 5 6 8 |  8.5
Armour         | 5 6 7 8 |  8.1
Shields        | 5 6 7 8 |  8.1

Action                   |  1- 3 |  4- 6 |  7- 9 || total
-------------------------+-------+-------+-------++-------
Melee: War axe           |    10 |    21 |     7 ||    38
  Use: Potion            |       |     2 |       ||     2
Armor: Scale mail        |     1 |     2 |     4 ||     7
Dodge: Dodged            |     4 |     6 |     3 ||    13
Block: Shield            |     2 |    14 |     7 ||    23

Table legend:
 A = Spawn XP
 B = Non-spawn XP
 C = Spawn XP percentage of total XP
 D = Spawn monster count
 E = Non-spawn monster count
 F = Spawn count percentage of total count
 G = Total turns spent on level
                    A         B        C        D         E        F      G
               +---------+---------+-------+---------+---------+-------+---------
         Total |       0 |     725 |   0.0 |       0 |      13 |   0.0 |   537
               +---------+---------+-------+---------+---------+-------+---------
             D |       0 |     725 |   0.0 |       0 |      13 |   0.0 |   537
               +---------+---------+-------+---------+---------+-------+---------
